AoeStats
← CovidBryan

Oasis

508918311Analyzed
2v2 RM · 8d ago on Sep 24, 2026· 48m 31s· 4 players
Game mode
Random Map
Map size
Medium (4 player)
Population
200
Speed
Normal
Resources
Standard
Victory
Conquest
Starting age
Dark Age
Ending age
Imperial Age
RankedLock teamsTeams togetherTeam positionsShared explorationLock speedFull tech treeHidden civsTurbo modeCheats
Victory
Defeat
🇪🇸 Vietnamese · Spain
1186
+12
🇪🇸 Bulgarians · Spain
1163
+13
🇳🇱 Aztecs · Netherlands
1130
-13
🇿🇦 Japanese · South Africa
1078
-12
brandbaria
4:13 Loom
12:18 Feudal Age
16:51 Castle Age
16:05 Double-Bit Axe
16:36 Horse Collar
23:57 Bow Saw
26:27 Gold Mining
27:32 Wheelbarrow
26:25 Eagle Warrior
27:14 Squires
26:59 Arson
28:15 Caravan
28:34 Scale Mail Armor
29:00 Heavy Plow
33:10 Imperial Age
31:47 Hand Cart
31:53 Forging
31:59 Chain Mail Armor
33:12 Iron Casting
34:32 Garland Wars
34:44 Elite Eagle Warrior
36:25 Plate Mail Armor
36:57 Blast Furnace
36:52 Conscription
39:42 Pikeman
41:12 Elite Jaguar Warrior
45:43 Man-at-Arms
46:16 Long Swordsman
46:42 Gambesons
48:45 Gambesons
Pigger
5:25 Loom
9:58 Feudal Age
10:48 Man-at-Arms
12:23 Double-Bit Axe
16:26 Arson
19:12 Horse Collar
19:24 Gold Mining
20:06 Forging
19:57 Scale Mail Armor
24:07 Castle Age
24:25 Stone Mining
26:04 Wheelbarrow
28:17 Fletching
29:54 Elite Skirmisher
30:45 Squires
34:00 Bloodlines
34:40 Caravan
35:51 Chain Mail Armor
36:29 Heavy Plow
39:11 Gold Shaft Mining
38:06 Pikeman
39:45 Bodkin Arrow
39:51 Padded Archer Armor
43:28 Imperial Age
41:38 Husbandry
41:44 Long Swordsman
sergiwhitehouse
5:01 Loom
10:26 Feudal Age
11:28 Double-Bit Axe
13:58 Gold Mining
17:37 Castle Age
16:42 Fletching
16:52 Padded Archer Armor
18:29 Bow Saw
18:03 Horse Collar
22:53 Wheelbarrow
23:01 Stone Mining
23:44 Heavy Plow
24:51 Stone Shaft Mining
26:10 Hand Cart
26:36 Ballistics
25:45 Crossbowman
31:51 Imperial Age
29:56 Thumb Ring
29:58 Bodkin Arrow
30:19 Leather Archer Armor
32:04 Arbalester
33:49 Chemistry
34:11 Two-Man Saw
34:13 Bracer
34:43 Ring Archer Armor
35:10 Paper Money
35:28 Crop Rotation
35:36 Bloodlines
36:20 Husbandry
36:30 Scale Barding Armor
36:36 Forging
37:36 Chain Barding Armor
37:43 Elite Battle Elephant
39:21 Iron Casting
39:23 Plate Barding Armor
41:03 Chatras
41:47 Caravan
42:22 Elite Skirmisher
43:19 Imperial Skirmisher
CovidBryan
0:58 Loom
3:48 Loom
5:02 Loom
5:24 Loom
5:58 Loom
7:22 Loom
9:46 Feudal Age
10:36 Double-Bit Axe
13:10 Arson
17:13 Castle Age
16:22 Horse Collar
18:11 Scale Barding Armor
18:16 Forging
20:04 Chain Barding Armor
22:19 Iron Casting
23:37 Scale Mail Armor
25:07 Bow Saw
26:26 Chain Mail Armor
29:02 Gold Mining
29:03 Stone Mining
29:53 Wheelbarrow
33:29 Bloodlines
33:30 Squires
33:16 Gambesons
33:42 Bloodlines
36:48 Imperial Age
38:02 Plate Mail Armor
38:33 Blast Furnace
38:17 Capped Ram
39:41 Bagains
39:25 Siege Ram
41:03 Conscription
Connection lost

Rejoining the realm…

Still unreachable

The connection could not be restored.

Session expired

The server has moved on; the page needs a fresh start.